 Dungeon Crawl Stone Soup version 0.23.1 (webtiles) character file.

Game seed: 13923516086466925330

107 Kurtz the Cudgeler (level 4, -1/35 HPs)
             Began as a Mummy Chaos Knight on Mar 1, 2019.
             Was a Plaything of Xom.
             Killed by divine providence
             ... invoked by an orc priest
              (11 damage)
             ... on level 3 of the Dungeon.
             The game lasted 00:00:47 (1112 turns).

Kurtz the Cudgeler (Mummy Chaos Knight)             Turns: 1112, Time: 00:00:48

Health: -1/35      AC: 10    Str: 15    XL:     4   Next: 56%
Magic:  4/4        EV:  4    Int: 11    God:    Xom [.*....]
Gold:   12         SH:  0    Dex: 12    Spells: 3/3 levels left

rFire    x . .     SeeInvis .   a - +0 mace (chaos)
rCold    + . .     Gourm    .   (no shield)
rNeg     + + +     Faith    .   i - +0 plate armour
rPois    ∞         Spirit   .   (no helmet)
rElec    .         Reflect  .   (no cloak)
rCorr    +         Harm     .   (no gloves)
MR       .....                  (no boots)
Stlth    ..........             (no amulet)
HPRegen  0.11/turn              d - ring of resist corrosion
MPRegen  0.09/turn              (no ring)

@: no status effects
A: no food or potions, fire vulnerability, cold resistance 1, negative energy
resistance 3, torment resistance, unbreathing
a: Renounce Religion


You were on level 3 of the Dungeon.
You worshipped Xom.
You were a plaything of Xom.
You were not hungry.

You visited 1 branch of the dungeon, and saw 3 of its levels.

You collected 12 gold pieces.

Inventory:

Hand Weapons
 a - a +0 mace of chaos (weapon)
Armour
 b - a +2 leather armour
 f - a +0 scale mail
 h - a +2 leather armour of cold resistance
 i - a +0 plate armour (worn)
Jewellery
 d - a ring of resist corrosion (left hand)
Wands
 g - a wand of flame (21)
Scrolls
 c - a scroll of remove curse {unknown}
 e - a scroll of amnesia {unknown}


   Skills:
 - Level 3.0 Fighting
 * Level 4.4 Maces & Flails
 - Level 1.5 Armour
 - Level 0.7 Dodging


You had 3 spell levels left.
You didn't know any spells.
Your spell library was empty.

Dungeon Overview and Level Annotations

Branches:
Dungeon (3/15)

Altars:
Yredelemnul


Innate Abilities, Weirdness & Mutations

You do not eat or drink.
Your flesh is vulnerable to fire.
You are immune to poison.
Your flesh is cold resistant. (rC+)
You are immune to negative energy. (rN+++)
You are immune to unholy pain and torment.
You can survive without breathing.


Message History

The orc priest hits you but does no damage.
The orc hits you but does no damage. The orc priest barely misses you.
There are monsters nearby!
Unknown command.
You closely miss the orc priest. The orc priest barely misses you.
The orc priest hits you but does no damage.
The orc priest miscasts a cantrip.
The orc hits you with a cursed -2 short sword.
The orc priest calls down the wrath of Beogh upon you.
Beogh smites you!
The orc priest casts a cantrip, but nothing happens.
The orc hits you but does no damage.
The orc priest mumbles some strange prayers to Beogh against you.
Beogh smites you!
* * * LOW HITPOINT WARNING * * *
The orc priest begins to cast a cantrip, but forgets the words!
The orc priest mumbles some strange prayers to Beogh against you.
Beogh smites you!
You die...
Xom titters!

#........# ._ #........##
P.P.#######...........
......)..÷............
...########........###
##########...#.#...# #
#...>.##...#.....### #
#.....#..###.....# #
#.......####....@################
#..................o...o........o
#.....###########################
#.....# # #.....# # ####### #


You could see an orc priest and an orc.

Vanquished Creatures
  Ijyb (D:3)
  Terence (D:3)
  3 adders
  A leopard gecko (D:3)
  4 orcs (D:3)
  A ball python (D:3)
  A giant cockroach (D:1)
  3 goblins (D:3)
  A hobgoblin (D:1)
  4 kobolds
  A quokka (D:3)
  4 bats
  A frilled lizard (D:1)
  2 rats
28 creatures vanquished.

Vanquished Creatures (others)
  A bat (D:3)
1 creature vanquished.

Grand Total: 29 creatures vanquished

Notes
Turn   | Place    | Note
-------+----------+-------------------------------------------
     0 | D:1      | Kurtz the Mummy Chaos Knight began the quest for the Orb.
     0 | D:1      | Reached XP level 1. HP: 18/18 MP: 1/1
     2 | D:1      | Noticed a minotaur
     2 | D:1      | Noticed an ogre
     4 | D:1      | Noticed a vampire
     4 | D:1      | Noticed a dwarf
     6 | D:1      | Noticed a naga
     6 | D:1      | Noticed an elf
     8 | D:1      | Noticed a spriggan
    10 | D:1      | Noticed a draconian
    12 | D:1      | Noticed a halfling
    12 | D:1      | Noticed a human
    14 | D:1      | Noticed an octopode
    14 | D:1      | Noticed a vine stalker
    16 | D:1      | Noticed a troll
    18 | D:1      | Noticed a demonspawn
    18 | D:1      | Noticed a formicid
    20 | D:1      | Noticed a felid
    20 | D:1      | Noticed a ghoul
    22 | D:1      | Noticed a demigod
    22 | D:1      | Noticed a tengu
    24 | D:1      | Noticed a centaur
    26 | D:1      | Noticed a merfolk
    26 | D:1      | Noticed a gargoyle
   187 | D:2      | XOM: harmless Tmut miscast
   191 | D:2      | Reached skill level 3 in Maces & Flails
   191 | D:2      | Reached XP level 2. HP: 19/24 MP: 2/2
   305 | D:3      | Reached XP level 3. HP: 26/29 MP: 3/3
   394 | D:3      | XOM: divination: magic mapping
   632 | D:3      | Noticed Terence
   651 | D:3      | Killed Terence
   651 | D:3      | Reached skill level 4 in Maces & Flails
   651 | D:3      | Reached XP level 4. HP: 29/35 MP: 4/4
   691 | D:3      | XOM: harmless Air miscast
   731 | D:3      | Noticed Ijyb
   748 | D:3      | Killed Ijyb
   760 | D:3      | Found a basalt altar of Yredelemnul.
   781 | D:3      | XOM: harmless Pois miscast
  1112 | D:3      | Killed from afar by an orc priest

Skill      XL: |  1  2  3 |
---------------+----------+-----
Maces & Flails | 3 4 |  4.4
Fighting       | |  3.0
Armour         | |  1.5
Dodging        | |  0.7

Action                   |  1- 3 |  4- 6 || total
-------------------------+-------+-------++-------
Melee: Mace              |    60 |    37 ||    97
Armor: Leather armour    |    43 |       ||    43
       Scale mail        |       |    38 ||    38
       Plate armour      |       |     6 ||     6
Dodge: Dodged            |    49 |    27 ||    76
